[ PARTIDA AOE2 · #506047825 ]
UnrankedMuiscas vs Sicilians
Equipo del jugador · VICT
Equipo rival · DERR
[ ANÁLISIS DE REPETICIÓN · EXTRAÍDO DE LA PARTIDA GRABADA ]
Feudal
8:52
Castillos
—
Imperial
—
| APM promedio | 79.1 |
| APM pico | 140 |
| eAPM promedio | 30.8 |
| Aldeanos / militares | 22 / 3 |
Foco
⚔️ 56.8% · 🌾 43.2%
Unknown (2550) ×4 · Archer ×3
Feudal
10:44
Castillos
—
Imperial
—
| APM promedio | 69.7 |
| APM pico | 98 |
| eAPM promedio | 25.2 |
| Aldeanos / militares | 27 / 5 |
Foco
⚔️ 46.7% · 🌾 53.3%
Militia ×5
Mapa de la partida
Recursos iniciales + cada clic de construcción. Líneas = muros · curvas = relieve. ◆ oro · ⬟ piedra · ● bayas · ✦ reliquia · ◌ hueco del cierre
Tu base
Base de Survivalist
Terreno inicial suavizado · ◌ = hueco del cierre detectado · pasá el cursor para detalles
Inputs por minuto
— wR.ACCM - - Survivalist
Build order — wR.ACCM
49 acciones detectadas en el replay
| 0:00 | Crear | Villager (Male) |
| 0:00 | Crear | Villager (Male) |
| 0:02 | Construir | House |
| 0:02 | Construir | House |
| 0:11 | Crear | Villager (Male) |
| 0:11 | Crear | Villager (Male) |
| 1:24 | Crear | Villager (Male) |
| 1:53 | Crear | Villager (Male) |
| 2:17 | Construir | Settlement |
| 2:23 | Crear | Villager (Male) |
| 2:40 | Crear | Villager (Male) |
| 3:00 | Crear | Villager (Male) |
| 3:34 | Crear | Villager (Male) |
| 4:05 | Crear | Villager (Male) |
| 4:05 | Crear | Villager (Male) |
| 4:46 | Crear | Villager (Male) |
| 4:55 | Crear | Villager (Male) |
| 5:03 | Construir | Barracks |
| 5:32 | Construir | Palisade Wall |
| 5:36 | Construir | Palisade Wall |
| 5:37 | Construir | Palisade Wall |
| 5:39 | Construir | Palisade Wall |
| 5:40 | Construir | Palisade Wall |
| 5:52 | Crear | Villager (Male) |
| 5:52 | Investigar | Loom |
| 6:02 | Construir | House |
| 6:41 | Investigar | Feudal Age |
| 6:55 | Construir | Settlement |
| 6:58 | Crear | Unit 2550 |
| 7:23 | Crear | Unit 2550 |
| 8:24 | Crear | Unit 2550 |
| 8:26 | Crear | Villager (Male) |
| 8:52 | Edad | Edad Feudal |
| 8:52 | Construir | Palisade Wall |
| 8:56 | Investigar | Tech 1402 |
| 9:00 | Construir | Archery Range |
| 9:13 | Crear | Villager (Male) |
| 9:41 | Crear | Villager (Male) |
| 9:51 | Construir | Farm |
| 10:04 | Crear | Unit 2550 |
| 10:05 | Crear | Villager (Male) |
| 10:23 | Crear | Villager (Male) |
| 10:36 | Crear | Archer |
| 10:50 | Construir | Farm |
| 11:07 | Crear | Villager (Male) |
| 11:07 | Crear | Villager (Male) |
| 11:09 | Crear | Archer |
| 11:11 | Construir | Farm |
| 11:26 | Crear | Archer |
Build order — Survivalist
56 acciones detectadas en el replay
| 0:00 | Crear | Villager (Male) |
| 0:01 | Construir | House |
| 0:02 | Construir | House |
| 0:05 | Crear | Villager (Male) |
| 0:06 | Crear | Villager (Male) |
| 0:08 | Crear | Villager (Male) |
| 0:08 | Crear | Villager (Male) |
| 1:27 | Crear | Villager (Male) |
| 1:27 | Crear | Villager (Male) |
| 1:59 | Crear | Villager (Male) |
| 2:12 | Crear | Villager (Male) |
| 2:45 | Construir | Barracks |
| 2:47 | Crear | Villager (Male) |
| 2:47 | Crear | Villager (Male) |
| 2:58 | Crear | Villager (Male) |
| 2:58 | Crear | Villager (Male) |
| 3:31 | Crear | Villager (Male) |
| 3:44 | Crear | Militia |
| 4:02 | Construir | House |
| 4:04 | Investigar | Loom |
| 4:11 | Crear | Villager (Male) |
| 4:22 | Crear | Militia |
| 4:41 | Crear | Militia |
| 4:50 | Crear | Villager (Male) |
| 5:22 | Crear | Villager (Male) |
| 5:32 | Construir | House |
| 5:55 | Crear | Villager (Male) |
| 6:05 | Crear | Villager (Male) |
| 6:29 | Construir | Lumber Camp |
| 6:37 | Crear | Villager (Male) |
| 7:10 | Crear | Villager (Male) |
| 7:34 | Crear | Villager (Male) |
| 7:49 | Construir | Mill |
| 8:05 | Crear | Villager (Male) |
| 8:17 | Construir | House |
| 8:34 | Investigar | Feudal Age |
| 9:06 | Crear | Militia |
| 9:06 | Crear | Militia |
| 9:42 | Crear | Villager (Male) |
| 10:05 | Construir | Donjon |
| 10:07 | Crear | Villager (Male) |
| 10:16 | Construir | Donjon |
| 10:24 | Construir | Palisade Wall |
| 10:25 | Construir | Palisade Wall |
| 10:26 | Construir | Palisade Wall |
| 10:28 | Construir | Palisade Wall |
| 10:30 | Construir | Palisade Wall |
| 10:34 | Construir | Palisade Wall |
| 10:40 | Crear | Villager (Male) |
| 10:44 | Edad | Edad Feudal |
| 10:48 | Crear | Villager (Male) |
| 11:11 | Construir | Farm |
| 11:14 | Construir | Farm |
| 11:14 | Construir | Farm |
| 11:15 | Construir | Farm |
| 11:18 | Construir | Farm |
Cronología de la partida
| 2:45 | Survivalist · first_building Barracks |
| 5:03 | wR.ACCM · first_building Barracks |
| 5:32 | wR.ACCM · wall_segment Palisade Wall x1 |
| 5:36 | wR.ACCM · wall_segment Palisade Wall x1 |
| 5:37 | wR.ACCM · wall_segment Palisade Wall x1 |
| 5:39 | wR.ACCM · wall_segment Palisade Wall x1 |
| 5:40 | wR.ACCM · wall_segment Palisade Wall x1 |
| 8:52 | wR.ACCM · age_up feudal |
| 8:52 | wR.ACCM · wall_segment Palisade Wall x1 |
| 9:00 | wR.ACCM · first_building Archery Range |
| 10:05 | Survivalist · first_building Donjon |
| 10:24 | Survivalist · wall_segment Palisade Wall x1 |
| 10:25 | Survivalist · wall_segment Palisade Wall x1 |
| 10:26 | Survivalist · wall_segment Palisade Wall x1 |
| 10:28 | Survivalist · wall_segment Palisade Wall x1 |
| 10:30 | Survivalist · wall_segment Palisade Wall x1 |
| 10:34 | Survivalist · wall_segment Palisade Wall x1 |
| 10:44 | Survivalist · age_up feudal |
| 11:27 | Survivalist · resign |
[ ANÁLISIS IA · 1 CRÉDITO ]
¿Qué pasó realmente en esta partida?
Wolo.gg analiza cada decisión: build order, eco, micro, errores típicos por bracket. Análisis personalizado por WhatsApp o Discord en 30 segundos.
Guía civ
Muiscas
Perfil
Jugador #347269